 Dungeon Crawl Stone Soup version 0.22-a0-565-gfc6459a (webtiles) character file.

2807 Firecrotchwizard the Basher (level 9, -2/50 HPs)
             Began as a Vine Stalker Fighter on June 28, 2018.
             Was a Priest of Makhleb.
             Slain by a death yak (6 damage)
             ... on level 7 of the Dungeon.
             The game lasted 00:11:29 (6808 turns).

Firecrotchwizard the Basher (Vine Stalker Fighter)  Turns: 6808, Time: 00:11:30

Health: -2/50      AC: 15    Str: 22    XL:     9   Next: 72%
Magic:  0/10       EV:  8    Int:  8    God:    Makhleb [***...]
Gold:   345        SH: 10    Dex: 19    Spells: 8/8 levels left

rFire    . . .     SeeInvis .   a - +1 flail
rCold    . . .     Gourm    .   c - +0 shield
rNeg     . . .     Faith    .   G - +0 plate armour
rPois    .         Spirit   +   i - +2 helmet
rElec    .         Reflect  .   (no cloak)
rCorr    +         Harm     .   (no gloves)
MR       +....                  C - +0 pair of boots
Stlth    ..........             (no amulet)
HPRegen  0.56/turn              d - ring of resist corrosion
MPRegen  0.12/turn              (no ring)

@: agile
A: fangs 3, regeneration 1, magic shield, antimagic bite, no potion heal 3, rot
immunity
a: Minor Destruction, Lesser Servant of Makhleb, Renounce Religion


You were on level 7 of the Dungeon.
You worshipped Makhleb.
Makhleb was most pleased with you.
You were not hungry.

You visited 1 branch of the dungeon, and saw 8 of its levels.

You collected 345 gold pieces.

Inventory:

Hand Weapons
 a - a +1 flail (weapon)
 A - a cursed +3 dire flail
   (You took it off a wight on level 6 of the Dungeon)
Armour
 c - a +0 shield (worn)
 i - a +2 helmet (worn)
   (You found it on level 1 of the Dungeon)
 C - a +0 pair of boots (worn)
   (You found it on level 5 of the Dungeon)
 G - a +0 plate armour (worn)
   (You took it off an orc warrior on level 6 of the Dungeon)
Jewellery
 d - a ring of resist corrosion (left hand)
   (You took it off a goblin on level 2 of the Dungeon)
Wands
 q - a wand of clouds (5)
   (You found it on level 2 of the Dungeon)
 y - a wand of digging (9)
   (You found it on level 4 of the Dungeon)
Scrolls
 e - 5 scrolls of magic mapping {!r}
 h - 2 scrolls of blinking {!r}
 k - a scroll of fog
 l - 3 scrolls of teleportation
 n - 6 scrolls of remove curse
 t - 7 scrolls of identify
 u - a scroll of enchant weapon
 v - a scroll of summoning {unknown}
Potions
 b - a potion of degeneration {unknown}
 g - 5 potions of curing
 j - a potion of lignification {unknown}
 m - a potion of heal wounds {unknown}
 p - a potion of resistance {unknown}
 r - a potion of mutation {unknown}
 s - a potion of ambrosia {unknown}
 w - a potion of agility
 z - a potion of berserk rage {unknown}
 D - a potion of flight {unknown}
 E - a potion of invisibility {unknown}
Comestibles
 f - 13 rations {@e1}
 o - 7 chunks of flesh {@w0}


   Skills:
 + Level 7.4 Fighting
 * Level 9.9 Maces & Flails
 - Level 2.4 Armour
 - Level 2.6 Shields


You had 8 spell levels left.
You didn't know any spells.
Your spell library contained the following spells:

 Spells                   Type           Power        Failure   Level  Hunger
 Confuse                  Hex            #.......     100%        3    ####...
 Summon Small Mammal      Summ           #...         100%        1    ##.....
 Summon Ice Beast         Ice/Summ       #.......     100%        4    #####..
 Call Imp                 Summ           #.......     100%        2    ###....
 Tukima's Dance           Hex            #.......     100%        3    ####...
 Call Canine Familiar     Summ           #.......     100%        3    ####...
 Ensorcelled Hibernation  Hex/Ice        #.....       100%        2    ###....
 Corona                   Hex            #......      100%        1    ##.....
 Dazzling Spray           Conj/Hex       #.....       100%        3    ####...
 Summon Lightning Spire   Summ/Air       #.......     100%        4    #####..
 Summon Guardian Golem    Hex/Summ       #.......     100%        3    ####...


Dungeon Overview and Level Annotations

Branches:
Dungeon (8/15)             Temple (0/1) D:7
   Lair: D:8-11

Altars:
Elyvilon
Fedhas
Makhleb
Nemelex Xobeh
Okawaru
Qazlal
Trog
Uskayaw
Wu Jian
Xom


Innate Abilities, Weirdness & Mutations

You have razor-sharp teeth.
Your natural rate of healing is unusually fast.
When hurt, damage is shared between your health and your magic reserves.
Your bite disrupts and absorbs the magic of your enemies.
Potions cannot restore your health.
You are immune to rotting.


Message History

You kill the kobold!
Makhleb accepts your kill.
No target in view!
Items here: )) [[ † an enchanted dagger; a robe; a dagger; a glowing robe; an orc corpse You butcher the orc corpse.
o - 5 chunks of flesh {@w0} (gained 1)
Items here: )) [[ ÷ an enchanted dagger; a robe; a dagger; a glowing robe; an orc skeleton
Items here: )) [[ ÷ an enchanted dagger; a robe; a dagger; a glowing robe; an orc skeleton
e - 5 scrolls of magic mapping {!r} (gained 1)
Things that are here:
a club; a kobold corpse; a jackal corpse You butcher the jackal corpse.
o - 7 chunks of flesh {@w0} (gained 2)
Things that are here:
a club; a kobold corpse; a jackal skeleton
Things that are here:
a club; a kobold corpse; a jackal skeleton
v - a scroll labeled PEOMAJ OJEU A jelly comes into view.
A jelly is nearby!
The jelly quivers.
Found a stone staircase leading up.
You sock the jelly!
Your hands burn!
The jelly barely misses you.
You take 1 damage, and have 49/50 hp.
You hit the jelly but do no damage. The acid corrodes you!
Your hands burn!
The jelly barely misses you.
Health restored: 50 You now have 9/10 mp.
You thump the jelly!
You kill the jelly!
Makhleb accepts your kill.
No target in view!
You start resting.
MP restored: 10 You now have 331 gold pieces (gained 24).
You are no longer corroded.
Found a stone staircase leading down.
n - 6 scrolls of remove curse (gained 1)
You now have 345 gold pieces (gained 14).
A leopard gecko comes into view.
The leopard gecko hisses angrily.
Found an escape hatch in the ceiling.
You miss the leopard gecko. You block the leopard gecko's attack.
You hit the leopard gecko.
You kill the leopard gecko!
Makhleb accepts your kill.
No target in view!
A death yak comes into view.
The death yak bellows!
You hear a bellow!
A death yak is nearby!
A death yak comes into view.
There is a stone staircase leading up, spattered with blood here.
You see here a stone.
The death yak gores you!
You climb upwards.
There is a stone staircase leading down, spattered with blood here.
Things that are here:
a short sword; a kobold corpse You take 11 damage, and have 39/50 hp.
MASSIVE DAMAGE!!
You now have 7/10 mp.
You feel agile all of a sudden. The death yak gores you!
You take 11 damage, and have 28/50 hp.
MASSIVE DAMAGE!!
You now have 5/10 mp.
You hit the death yak. You bite the death yak. You drain its power.
You feel invigorated. The death yak gores you.
You take 1 damage, and have 27/50 hp.
You thump the death yak! You bite the death yak. You drain its power.
You feel invigorated.
The death yak gores you but does no damage.
You hit the death yak. Your bite misses the death yak.
You hit the death yak but do no damage. You bite the death yak.
You drain its power.
You feel invigorated. The death yak gores you!
You take 12 damage, and have 16/50 hp.
MASSIVE DAMAGE!!
You now have 4/10 mp.
You hit the death yak.
You bite the death yak, but do no damage.
The death yak gores you!
* * * LOW HITPOINT WARNING * * *
You take 7 damage, and have 9/50 hp.
You now have 3/10 mp.
You hit the death yak but do no damage. Your bite misses the death yak.
The death yak gores you.
* * * LOW HITPOINT WARNING * * *
You take 5 damage, and have 4/50 hp.
You sock the death yak! You bite the death yak. You drain its power.
You feel invigorated.
The death yak gores you but does no damage.
The death yak gores you!
* * * LOW HITPOINT WARNING * * *
You take 1 damage, and have 3/50 hp.
Your plate armour prevents you from hitting the death yak.
You bite the death yak! You drain its power.
You feel invigorated. The death yak gores you!
You die...

...#### #.#####.####.###.#####.#
....()# #.# #.# #.# #.# #..
.#.##)####.## #.# #.# #.# #..
.#.##)......# #.####.###.# #<.
.#.#######..# #..........# ##..
..>..# #..# #.####...### ##...
####.#####..# #.# ###.# #....
#........# #[# #.# ##...
#.######.# #@# #.# ##.# #.# #.#
#Y# #.# ### ####.# #.# #.# #.# #
.....# #.# #.# #.# # #.#### #.#
#.# #.# # #[# #<# #.# #.# # #.##
#.# ##.######.#########
.#.########.###............(.....
###.............#######.###......


You could see a death yak.

Vanquished Creatures
  Edmund (D:6)
  Duvessa (D:6)
  2 sky beasts
  2 orc warriors
  An ice beast (D:6)
  A black bear (D:7)
  A centaur (D:7)
  3 ogres
  A big kobold (D:7)
  3 bullfrogs (D:6)
  Dowan (D:6)
  A scorpion (D:7)
  4 wights (D:6)
  2 crimson imps (D:7)
  5 jellies
  2 bullfrog skeletons
  2 orc priests (D:4)
  12 orc wizards
  An iguana (D:7)
  Natasha (thrice) (D:2)
  3 worker ants
  A killer bee zombie (D:5)
  3 gnolls (D:6)
  A worker ant zombie (D:7)
  9 adders
  2 shadow imps
  5 worms (D:2)
  7 dart slugs
  5 leopard geckos
  32 orcs
  7 giant cockroaches
  9 goblins
  3 hobgoblins
  10 jackals
  13 kobolds
  4 quokkas
  11 bats
  2 frilled lizards
  A giant cockroach zombie (D:5)
  A quokka skeleton (D:4)
  8 rats
186 creatures vanquished.

Vanquished Creatures (others)
  An orc wizard (D:3)
1 creature vanquished.

Grand Total: 187 creatures vanquished

Notes
Turn   | Place    | Note
-------+----------+-------------------------------------------
     0 | D:1      | Firecrotchwizard the Vine Stalker Fighter began the quest for the Orb.
     0 | D:1      | Reached XP level 1. HP: 11/11 MP: 2/2
    40 | D:1      | Reached skill level 2 in Maces & Flails
    59 | D:1      | Reached XP level 2. HP: 15/16 MP: 3/3
   124 | D:1      | Reached skill level 3 in Fighting
   134 | D:1      | Reached XP level 3. HP: 16/20 MP: 2/4
   406 | D:1      | Found a sparkling altar of Nemelex Xobeh.
   727 | D:2      | Noticed an ogre
   739 | D:2      | Reached skill level 3 in Maces & Flails
  1053 | D:2      | Noticed Natasha
  1058 | D:2      | Gained mutation: Your natural rate of healing is unusually fast. [Vine Stalker growth]
  1058 | D:2      | Reached XP level 4. HP: 20/24 MP: 3/5
  1061 | D:2      | Killed Natasha
  1376 | D:2      | Reached XP level 5. HP: 27/28 MP: 6/6
  1438 | D:2      | Noticed Natasha
  1451 | D:2      | Killed an ogre
  1451 | D:2      | Reached skill level 4 in Maces & Flails
  1478 | D:2      | Killed Natasha
  1478 | D:2      | Reached skill level 4 in Fighting
  1478 | D:2      | Reached XP level 6. HP: 33/33 MP: 7/7
  1812 | D:2      | Noticed Natasha
  1824 | D:2      | Killed Natasha
  2250 | D:3      | Found a white marble altar of Elyvilon.
  2482 | D:3      | Reached skill level 5 in Maces & Flails
  3015 | D:3      | Found an ornate altar of the Wu Jian Council.
  3234 | D:4      | Reached XP level 7. HP: 32/38 MP: 8/8
  3273 | D:4      | Found a blossoming altar of Fedhas.
  3643 | D:4      | Found a hide-covered altar of Uskayaw.
  3646 | D:4      | Found an iron altar of Okawaru.
  3646 | D:4      | Found a burning altar of Makhleb.
  3646 | D:4      | Found a shimmering altar of Xom.
  3653 | D:4      | Became a worshipper of Makhleb the Destroyer
  3874 | D:5      | Entered Level 5 of the Dungeon
  3876 | D:5      | Reached skill level 6 in Maces & Flails
  4291 | D:5      | Found a bloodstained altar of Trog.
  4329 | D:5      | Found a stormy altar of Qazlal.
  4338 | D:5      | Reached skill level 5 in Fighting
  4345 | D:5      | Reached * piety under Makhleb
  4937 | D:6      | Gained mutation: You have razor-sharp teeth. [Vine Stalker growth]
  4937 | D:6      | Reached XP level 8. HP: 32/43 MP: 9/9
  4944 | D:6      | Reached skill level 7 in Maces & Flails
  4951 | D:6      | HP: 10/44 [orc warrior/short sword (15)]
  4953 | D:6      | Noticed Edmund
  4977 | D:6      | HP: 8/44 [orc warrior/short sword (8)]
  4979 | D:6      | HP: 3/44 [orc warrior/short sword (6)]
  5168 | D:6      | Noticed Duvessa
  5175 | D:6      | Noticed Dowan
  5179 | D:6      | Killed Duvessa
  5179 | D:6      | Reached skill level 6 in Fighting
  5184 | D:6      | Killed Dowan
  5190 | D:6      | Reached skill level 8 in Maces & Flails
  5293 | D:6      | Killed Edmund
  5329 | D:6      | Found a stormy altar of Qazlal.
  5359 | D:6      | Reached ** piety under Makhleb
  5359 | D:6      | Reached XP level 9. HP: 49/49 MP: 8/10
  5804 | D:7      | Found a staircase to the Ecumenical Temple.
  5883 | D:7      | Reached skill level 9 in Maces & Flails
  6077 | D:7      | Reached skill level 7 in Fighting
  6708 | D:8      | Reached *** piety under Makhleb
  6780 | D:8      | Noticed a death yak
  6782 | D:8      | Noticed a death yak
  6805 | D:7      | HP: 9/50 [death yak (8)]
  6806 | D:7      | HP: 4/50 [death yak (5)]
  6808 | D:7      | Slain by a death yak

Vault maps used:
D:1:      matt_arrival_diagonals, kennysheep_minor_cross, nemelex_altar_shiori
D:2:      minmay_diamond_boxcup, first_ration, uniq_natasha
D:3:      elyvilon_altar_1, lemuel_coloured_pillars_altar
D:4:      fedhas_altar_1, grunt_temple_overflow_open, minmay_misc_feat_x
D:5:      lemuel_round_altar, bloody_trog
D:6:      basic_altar, minmay_misc_feat_nine_boxes, uniq_edmund, uniq_duvessa
D:7:      minmay_temple_entry_poolview
D:8:      dpeg_lair_monsters, minivault_26, uniq_grum

Skill      XL: |  1  2  3  4  5  6  7  8  9 |
---------------+----------------------------+-----
Maces & Flails | 2 3 4 5 6 8 9 |  9.9
Fighting       | 3 4 5 6 7 |  7.4
Armour         | |  2.4
Shields        | |  2.6

Action                   |  1- 3 |  4- 6 |  7- 9 || total
-------------------------+-------+-------+-------++-------
Melee: Flail             |   110 |   203 |   373 ||   686
       Bite              |    36 |    55 |   129 ||   220
  Use: Potion            |       |     1 |     1 ||     2
       Scroll            |       |       |    12 ||    12
  Eat: Chunk             |     1 |     7 |     5 ||    13
       Ration            |       |       |     2 ||     2
Armor: Scale mail        |    79 |    85 |       ||   164
       Chain mail        |       |    16 |    59 ||    75
       Plate armour      |       |       |   125 ||   125
Dodge: Dodged            |    43 |    52 |    51 ||   146
Block: Shield            |    80 |   105 |   169 ||   354

Table legend:
 A = Spawn XP
 B = Non-spawn XP
 C = Spawn XP percentage of total XP
 D = Spawn monster count
 E = Non-spawn monster count
 F = Spawn count percentage of total count
 G = Total turns spent on level
                    A         B        C        D         E        F      G
               +---------+---------+-------+---------+---------+-------+---------
         Total |       0 |    4010 |   0.0 |       0 |     187 |   0.0 |  6808
               +---------+---------+-------+---------+---------+-------+---------
           D:1 |       0 |      51 |   0.0 |       0 |      26 |   0.0 |   974
           D:2 |       0 |     318 |   0.0 |       0 |      32 |   0.0 |  1091
           D:3 |       0 |     169 |   0.0 |       0 |      33 |   0.0 |   971
           D:4 |       0 |     248 |   0.0 |       0 |       7 |   0.0 |   838
           D:5 |       0 |     282 |   0.0 |       0 |      23 |   0.0 |  1003
           D:6 |       0 |    1369 |   0.0 |       0 |      21 |   0.0 |   842
           D:7 |       0 |    1439 |   0.0 |       0 |      38 |   0.0 |   976
           D:8 |       0 |     134 |   0.0 |       0 |       7 |   0.0 |   113
               +---------+---------+-------+---------+---------+-------+---------

Vault maps used:
D:1:      matt_arrival_diagonals, kennysheep_minor_cross, nemelex_altar_shiori
D:2:      minmay_diamond_boxcup, first_ration, uniq_natasha
D:3:      elyvilon_altar_1, lemuel_coloured_pillars_altar
D:4:      fedhas_altar_1, grunt_temple_overflow_open, minmay_misc_feat_x
D:5:      lemuel_round_altar, bloody_trog
D:6:      basic_altar, minmay_misc_feat_nine_boxes, uniq_edmund, uniq_duvessa
D:7:      minmay_temple_entry_poolview
D:8:      dpeg_lair_monsters, minivault_26, uniq_grum

Table legend:
 A = Turns spent in this place as a percentage of turns spent in the entire game.
 B = Non-inter-level travel turns spent in this place as a percentage of non-inter-level travel turns spent in the entire game.
 C = Inter-level travel turns spent in this place as a percentage of turns spent in this place.
 D = Turns resting spent in this place as a percentage of non-inter-level travel turns spent in this place.
 E = Turns spent auto-exploring this place as a percentage of non-inter-level travel turns spent in this place.
 F = Non-inter-level travel turns spent in this place divided by the number of levels of this place that you've seen.
                   A       B       C       D       E      F
               +-------+-------+-------+-------+-------+----------------------
         Total | 100.0 | 100.0 |   4.4 |  10.6 |  69.7 | 813.8
       Dungeon | 100.0 | 100.0 |   4.4 |  10.6 |  69.7 | 813.8
               +-------+-------+-------+-------+-------+----------------------

Table legend:
 A = Kills in this place as a percentage of kills in entire the game.
 B = Kills by you in this place as a percentage of kills by you in the entire game.
 C = Kills by friends in this place as a percentage of kills by friends in the entire game.
 D = Other kills in this place as a percentage of other kills in the entire game.
 E = Experience gained in this place as a percentage of experience gained in the entire game.
 F = Experience gained in this place divided by the number of levels of this place that you have seen.
                   A       B       C       D       E      F
               +-------+-------+-------+-------+-------+----------------------
         Total | 100.0 | 100.0 |   N/A | 100.0 | 100.0 | 501.2
       Dungeon | 100.0 | 100.0 |   N/A | 100.0 | 100.0 | 501.2
               +-------+-------+-------+-------+-------+----------------------
